woodfighter, chaotic female orcish Cavewoman ---- ---------..--- |.........[..--- |.......|...`..| ---------|.....`| |_......<|......| |(.--------)----- --..@Y...|.....| |..|%.>.......| ---|....|.....| ------------ woodfighter the Young Cave Woman Experience level: 7 Strength: 25 Dexterity: 14 Constitution: 15 Intelligence: 10 Wisdom: 8 Charisma: 9 Health: 0(44) Energy: 23(23) Def: 5 Gold: 0 Moves: 4674 Dungeon seed: uj20NZZTjVtZZgC4 Game ID: woodfighter_1488627273 Your Inventory: Weapons a - a +1 club (weapon in hand) b - a +2 sling (alternate weapon; not wielded) Armor n - an uncursed +0 orcish shield (being worn) z - an uncursed +0 dwarvish cloak (being worn) N - an uncursed +1 orcish helm (being worn) T - an uncursed +0 T-shirt (being worn) W - an uncursed +0 leather armor (being worn) Z - an uncursed +0 pair of gauntlets of power (being worn) Comestibles c - an uncursed food ration g - 2 uncursed mangos r - an uncursed sprig of wolfsbane w - an uncursed eucalyptus leaf I - 3 uncursed fortune cookies O - an uncursed cram ration P - 2 uncursed tripe rations Q - an uncursed tin of giant rat meat Rings h - an uncursed +1 ring of stealth l - an uncursed ring of conflict Wands S - a wand of digging (0:7) Gems e - 10 uncursed flints (in quiver) Spells and supernatural/magical abilities: Name Level Category Fail Memory W - pray for help -- divine ? -- Your skills at the end: Miscellaneous Skills bare handed combat [Basic] Weapon Skills scimitar [Basic] club [Skilled] sling [Basic] Spellcasting Skills Final Attributes: You were piously aligned. You were poison resistant. Your writing hand was ok. You were telepathic. You had infravision. You were very stealthy. You were fast. You are dead. Vanquished creatures: a human mummy a leprechaun an orc-captain a blue jelly a gnome mummy 3 apes a human zombie a yellow light a wood nymph 2 rock moles a violet fungus a kobold mummy a golden naga hatchling a gray ooze a straw golem a paper golem 3 giant ants 4 floating eyes a kitten a dwarf a kobold lord a kobold shaman an iguana 2 hill orcs 3 rothes 2 jitterbugs a giant bat a monkey 4 orc zombies 2 dwarf zombies 11 killer bees a coyote 2 hobbits 2 acid blobs 4 geckos 4 giant rats 2 yellow molds 10 manes a gnome zombie 4 jackals a fox a kobold 4 newts a goblin 2 sewer rats 9 grid bugs 6 lichens a kobold zombie 112 creatures vanquished. Voluntary challenges: You were not invisible. You did not have reflection. You were not displaced. You had been an atheist until turn 4374. You used a wielded weapon 159 times, starting on turn 15. You did not apply a unicorn horn. You did not use plumbed fixtures. You did not drink any magical draughts. You read items or engraved 1 time, starting on turn 4373. You never genocided any monsters. You never polymorphed an object. You never changed form. You used no wishes. You never split a pudding. You never wrote Elbereth's name. You never violated your personal moral code. Dungeon overview: The Dungeons of Doom: levels 1 to 10 Level 1 a fountain a long staircase Level 2 some fountains stairs to The Gnomish Mines Level 3 Level 4 (vault) some fountains, a sink Level 5 some fountains Level 6 a fountain Level 7 Level 8 many fountains Level 9 a fountain stairs to Sokoban Level 10 The Gnomish Mines: Level 3 stairs to The Dungeons of Doom Sokoban: Level 8 <- You were here an altar to Ishtar, a magic chest stairs to The Dungeons of Doom History has recorded: On T:1 you entered the Dungeons of Doom to retrieve the Amulet of Yendor! On T:62 you reached level 2 of The Dungeons of Doom. On T:487 you advanced to experience level 2. On T:628 you reached level 1 of The Gnomish Mines. On T:661 you reached level 3 of The Dungeons of Doom. On T:820 you advanced to experience level 3. On T:1044 you reached level 4 of The Dungeons of Doom. On T:1364 you reached level 5 of The Dungeons of Doom. On T:1366 you advanced to experience level 4. On T:2057 you reached level 6 of The Dungeons of Doom. On T:2163 you advanced to experience level 5. On T:2504 you reached level 7 of The Dungeons of Doom. On T:2766 you reached level 8 of The Dungeons of Doom. On T:2910 you advanced to experience level 6. On T:3303 you reached level 9 of The Dungeons of Doom. On T:3874 you reached level 4 of Sokoban. On T:4078 you advanced to experience level 7. On T:4120 you reached level 10 of The Dungeons of Doom. On T:4370 you opened a magic chest. On T:4668 you prayed to Anshar. Score breakdown: Gold: 0 ( 0 points) Experience: 7 levels ( 600 points) Exploration: 10 levels ( 270 points) Discoveries: 10 items ( 500 points) Variety of kills: 48 monsters ( 2000 points) Major goal: (nothing yet) ( 0 points) Survival: died (score multiplied by 3) Total score: 10110 Latest messages: The ape bites! You kill the ape! The ape misses. The ape claws you! The ape bites! You begin praying to Anshar. You are surrounded by a shimmering light. The ape starts to attack you, but pulls back. (4x) You feel that Anshar is well-pleased. You feel much better. You hit the ape! The ape claws you! (2x) The ape bites! The ape claws you! (2x) The ape bites! You hit the ape! (2x) The ape claws you! (2x) The ape bites! The ape claws you! (2x) The ape bites! You kill the ape! The ape claws you! (2x) The ape bites! You hit the ape! The ape claws you! (2x) You die... Final status: Goodbye woodfighter the Cavewoman, killed by an ape... You died in Sokoban on dungeon level 8 with 10110 points, and 0 pieces of gold, after 4674 moves. You were level 7 with a maximum of 44 hit points when you died.